 Dungeon Crawl Stone Soup version 0.32-a0-19-g28bc0835a1 (webtiles) character file.

Game seed: 13492414256308798815

284055 Armakuni the Bludgeoner (level 20, -23/162 HPs)
             Began as a Human Artificer on Jan 14, 2024.
             Was a Priest of Elyvilon.
             Annihilated by a phantasmal warrior (25 damage)
             ... on level 1 of the Vaults on Jan 18, 2024.
             The game lasted 02:43:43 (39798 turns).

Armakuni the Bludgeoner (Human Artificer)          Turns: 39798, Time: 02:43:44

Health: -23/162    AC: 21    Str: 21    XL:     20   Next: 57%
Magic:  27/40      EV: 13    Int: 26    God:    Elyvilon [***...]
Gold:   2507       SH:  5    Dex: 15    Spells: 10/25 levels left

rFire   + . .        a - +8 morningstar "Ewiamyi" {spect, rF+ Str+3}
rCold   . . .        O - +0 buckler
rNeg    . . .        z - +4 scale mail
rPois   +            t - +2 hat
rElec   .            K - scarf {repulsion}
rCorr   .            J - +2 pair of gloves {infuse}
SInv    +            B - +2 pair of boots {rampage}
Will    ++++.        I - amulet of Ylaafef {RegenMP MP+9}
Stlth   x              - ring "Daesauvo" {rC+ Int+4 SInv}
HPRegen 0.47/turn    C - ring "Puholaun" {rPois rC- Will+++ Str+2 Int+6}
MPRegen 0.67/turn

%: random rage (3%), repel missiles, rampage, infuse magic (1 MP)
@: on berserk cooldown
A: explore regen, berserk 1
}: 2/15 runes: barnacled, gossamer
a: Renounce Religion, Purification, Heal Other, Heal Self


You were on level 1 of the Vaults.
You worshipped Elyvilon.
Elyvilon was most pleased with you.
You visited 8 branches of the dungeon, and saw 35 of its levels.
You also visited: Bailey and Gauntlet.

You collected 6299 gold pieces.
You spent 3792 gold pieces at shops.

Inventory:

Hand Weapons
 a - the +8 morningstar "Ewiamyi" (weapon) {spect, rF+ Str+3}
   (You found it in a Gauntlet)

   Str+3:     It affects your strength (+3).
   rF+:       It protects you from fire.
Missiles
 y - 7 curare-tipped darts
Armour
 t - a +2 hat (worn)
 z - a +4 scale mail (worn)
 B - a +2 pair of boots of rampaging (worn)
 J - a +2 pair of gloves of infusion (worn)
 K - a scarf of repulsion (worn)
 O - a +0 buckler (worn)
Jewellery
 x - the ring "Daesauvo" (left hand) {rC+ Int+4 SInv}
   (You acquired it on level 3 of the Shoals)

   [ring of see invisible]

   Int+4:     It affects your intelligence (+4).
   rC+:       It protects you from cold.
   SInv:      It lets you see invisible.
 C - the ring "Puholaun" (right hand) {rPois rC- Will+++ Str+2 Int+6}
   (You found it in a Gauntlet)

   [ring of intelligence]

   Str+2:     It affects your strength (+2).
   Int+6:     It affects your intelligence (+6).
   rC-:       It makes you vulnerable to cold.
   rPois:     It protects you from poison Will+++: It greatly increases your
   willpower.
 I - the amulet of Ylaafef (around neck) {RegenMP MP+9}
   (You found it on level 12 of the Dungeon)

   [amulet of magic regeneration]

   RegenMP:   It increases your rate of magic regeneration.
   MP+9:      It affects your magic capacity (+9).
 M - the amulet of the Country {+Blink Fly rN+ Regen+}
   (You took it off a deep elf death mage on level 3 of the Elven Halls)

   [amulet of regeneration]

   rN+:       It protects you from negative energy.
   Fly:       It grants you flight.
   +Blink:    It lets you blink.
   Regen+:    It increases your rate of health regeneration.
 W - the ring of Erpheac {Wiz ^Drain *Slow rElec rN+++}
   (You took it off a tengu conjurer on level 12 of the Dungeon)

   [ring of wizardry]

   Wiz:       It improves your spell success rate.
   rElec:     It insulates you from electricity.
   rN+++:     It renders you almost immune to negative energy.
   ^Drain:    It drains your maximum health when unequipped.
   *Slow:     It may slow you when you take damage.
Wands
 c - a wand of charming (7)
 k - a wand of digging (14)
 p - a wand of polymorph (8)
 s - a wand of quicksilver (11)
 E - a wand of mindburst (1)
 R - a wand of flame (15)
 V - a wand of iceblast (6)
Scrolls
 b - 3 scrolls of poison
 d - 2 scrolls of vulnerability
 e - 2 scrolls of noise
 f - 8 scrolls of amnesia
 g - 22 scrolls of identify
 o - 9 scrolls of enchant weapon
 q - 11 scrolls of teleportation
 A - 4 scrolls of brand weapon
 D - 2 scrolls of silence
 H - 10 scrolls of fog
 L - 3 scrolls of blinking
 N - 3 scrolls of fear
 P - 2 scrolls of revelation
Potions
 h - a potion of lignification
 i - 13 potions of curing
 j - a potion of berserk rage
 n - a potion of brilliance
 r - 13 potions of heal wounds
 v - 3 potions of cancellation
 w - a potion of magic
 S - a potion of invisibility
 T - 4 potions of enlightenment
 U - 7 potions of haste
 X - 5 potions of mutation
 Z - 7 potions of ambrosia
Miscellaneous
 l - a lightning rod (1/4) (quivered)
 u - a tin of tremorstones (1/2)
 F - a sack of spiders
 G - a phantom mirror


   Skills:
 - Level 15.0 Fighting
 + Level 20.1(20.8) Maces & Flails
 - Level 9.7(16.1) Staves
 - Level 10.0 Armour
 - Level 7.0 Dodging
 - Level 1.0 Stealth
 - Level 6.0 Shields
 - Level 3.0 Spellcasting
 - Level 5.0 Conjurations
 - Level 2.0 Air Magic
 - Level 13.0 Earth Magic
 - Level 5.0 Alchemy
 - Level 15.0 Invocations
 - Level 10.0 Evocations


You had 10 spell levels left.
You knew the following spells:

 Your Spells              Type           Power      Damage    Failure   Level
l - Leda's Liquefaction   Alch/Erth      25%        N/A       6%          4
m - Mephitic Cloud        Conj/Alch/Air  24%        N/A       16%         3
p - Petrify               Alch/Erth      50%        N/A       6%          4
z - Brom's Barrelling Bo  Conj/Erth      50%        2d7       6%          4

Your spell library contained the following spells:

 Spells                   Type           Power      Damage    Failure   Level
 Magic Dart               Conj           100%       1d8       3%          1
 Sting                    Conj/Alch      100%       1d9       3%          1
 Searing Ray              Conj           58%        2d6       4%          2
 Foxfire                  Conj/Fire      64%        2x1d7     10%         1
 Mercury Vapours          Alch/Air       44%        N/A       10%         2
 Cigotuvi's Dreadful Rot  Necr/Alch/Air  32%        N/A       16%         2
 Apportation              Tloc           6%         N/A       26%         1
 Necrotise                Necr           12%        1d4       26%         1
 Slow                     Hex            12%        N/A       26%         1
 Summon Small Mammal      Summ           12%        N/A       26%         1
 Dazzling Flash           Conj/Hex       32%        N/A       28%         3
 Fulminant Prism          Conj/Alch      14%        3d8       32%         4
 Call Imp                 Summ           6%         N/A       36%         2
 Sublimation of Blood     Necr           3%         N/A       36%         2
 Borgnjor's Vile Clutch   Necr/Erth      18%        N/A       45%         5
 Confusing Touch          Hex            3%         N/A       61%         3
 Frozen Ramparts          Ice            6%         1d1       61%         3
 Fugue of the Fallen      Necr           3%         N/A       61%         3
 Inner Flame              Hex/Fire       3%         N/A       61%         3
 Ozocubu's Armour         Ice            3%         N/A       61%         3
 Sigil of Binding         Hex            3%         N/A       61%         3
 Summon Ice Beast         Ice/Summ       3%         N/A       61%         3
 Vampiric Draining        Necr           3%         2d6       61%         3
 Flame Wave               Conj/Fire      16%        2d7       67%         4
 Ignite Poison            Fire/Alch      16%        N/A       67%         4
 Sticky Flame             Fire/Alch      16%        2d5       67%         4
 Alistair's Intoxication  Alch           19%        N/A       67%         5
 Irradiate                Conj/Alch      14%        3d16      67%         5
 Iskenderun's Battlesphe  Conj           29%        2d8       67%         5
 Vhi's Electric Charge    Tloc/Air       18%        N/A       86%         4
 Arcjolt                  Conj/Air       11%        1d21      86%         5
 Manifold Assault         Tloc           3%         N/A       95%         4
 Fireball                 Conj/Fire      8%         3d6       95%         5
 Freezing Cloud           Conj/Ice/Air   8%         6-21      96%         5
 Silence                  Hex/Air        4%         N/A       99%         5
 Eringya's Noxious Bog    Alch           14%        4d6       99%         6
 Curse of Agony           Necr           3%         N/A       100%        5
 Metabolic Englaciation   Hex/Ice        1%         N/A       100%        5
 Summon Mana Viper        Hex/Summ       3%         N/A       100%        5
 Conjure Ball Lightning   Conj/Air       11%        3x3d6     100%        6
 Plasma Beam              Fire/Air       4%         2x1d14    100%        6
 Sculpt Simulacrum        Ice/Alch       8%         N/A       100%        6
 Starburst                Conj/Fire      8%         6d4       100%        6
 Monstrous Menagerie      Summ           1%         N/A       100%        7
 Orb of Destruction       Conj           14%        9d7       100%        7
 Summon Hydra             Summ           1%         N/A       100%        7
 Ignition                 Fire           1%         3d3       100%        8


Dungeon Overview and Level Annotations

Branches:
Dungeon (15/15)            Temple (1/1) D:6            Lair (5/5) D:8
 Shoals (4/4) Lair:3       Spider (4/4) Lair:2        Slime (0/5) Lair:5
    Orc (2/2) D:12            Elf (3/3) Orc:2        Vaults (1/5) D:14
 Depths (0/4) D:15         Bailey (visited)         Gauntlet (visited)

Altars:
Ashenzari
Cheibriados
Dithmenos
Elyvilon
Fedhas
Gozag
Hepliaklqana
Kikubaaqudgha
Makhleb
Nemelex Xobeh
Okawaru
Qazlal
Ru
Sif Muna
Trog
Uskayaw
Vehumet
Wu Jian
Xom
Yredelemnul
Zin
The Shining One

Shops:
D:2 (   D:10 *   D:14 ?   D:15 !   Orc:2 ****   Elf:2 [   Shoals:2 *:

Annotations:
D:9 1 runed translucent door
Shoals:2 casual's ghost, adept DjAE


Innate Abilities, Weirdness & Mutations

You regain HP and MP as you explore.
You sometimes lose your temper in combat.


Message History

* * * LOW HITPOINT WARNING * * *
The ironbound frostheart freezes you!!
* * * LOW HITPOINT WARNING * * *
The phantasmal warrior hits you!
* * * LOW HITPOINT WARNING * * *
The yaktaur captain barely misses you. The vault warden closely misses you.
Unknown command.
You hit the ironbound frostheart.
The ironbound frostheart is heavily wounded.
Your +8 morningstar "Ewiamyi" {spect, rF+ Str+3} hits the ironbound frostheart but does no damage.
The yaktaur captain hits you but does no damage.
You block the orc high priest's attack.
The deep troll bites your +8 morningstar "Ewiamyi" {spect, rF+ Str+3} but does no damage.
The deep troll claws your +8 morningstar "Ewiamyi" {spect, rF+ Str+3}.
Your spectral weapon shares its damage with you!
* * * LOW HITPOINT WARNING * * *
The deep troll completely misses your +8 morningstar "Ewiamyi" {spect, rF+ Str+3}.
The ironbound frostheart touches your +8 morningstar "Ewiamyi" {spect, rF+ Str+3}.
Your spectral weapon shares its damage with you!
The ironbound frostheart freezes your +8 morningstar "Ewiamyi" {spect, rF+ Str+3}.
Your +8 morningstar "Ewiamyi" {spect, rF+ Str+3} resists.
Your spectral weapon shares its damage with you!
* * * LOW HITPOINT WARNING * * *
The phantasmal warrior hits you but does no damage.
The vault warden barely misses you.
Unknown command.
Unknown command.
You impale the ironbound frostheart!!
The ironbound frostheart is severely wounded.
Your +8 morningstar "Ewiamyi" {spect, rF+ Str+3} hits the ironbound frostheart!!
Unknown command.
You bludgeon the ironbound frostheart!!
You kill the ironbound frostheart!
Your +8 morningstar "Ewiamyi" {spect, rF+ Str+3} disappears.
The orc high priest hits you from afar with a +2 halberd of protection.
Elyvilon protects you from harm!
The ironbound preserver casts a spell.
The ironbound preserver is healed somewhat.
The phantasmal warrior hits you!!
You die...

#......# #..# #..#
#...[..# #..# #..#
#......#####..# #..#
#......#....∩.###.>.
#......#.......#....
#..)...######.....##
#..)o..# ##...##
#.cpW.†######.....##
#.T@p.†+.......#....
#..)p..#......###...
#.[)...#####..# #..#
#######'#### #..#
#..# #.....[[..#
#..# #..#
####...#### #..#
#..# #8...8# ####
#### ##.....##
#.).....#


You could see an ironbound preserver, a vault warden (sheltered), a yaktaur
captain (sheltered), an orc high priest (sheltered), a deep troll (strong,
sheltered), a phantasmal warrior (sheltered) and an ironbound convoker (strong,
sheltered).

Vanquished Creatures
  Nikola (Spider:4)
  Arachne (Spider:4)
  2 deep elf blademasters (Elf:3)
  2 deep elf master archers (Elf:3)
  Polyphemus (Shoals:3)
  Gastronok (D:9)
  A kraken (Shoals:3)
  A vault warden (Vaults:1)
  2 deep elf sorcerers (Elf:3)
  An emperor scorpion (Spider:4)
  4 ghost moths
  2 deep elf elementalists (Elf:3)
  An orc warlord (Vaults:1)
  4 broodmothers (Spider:4)
  5 deep elf annihilators (Elf:3)
  3 deep elf demonologists
  Azrael (Elf:2)
  9 deep elf death magi (Elf:3)
  A minotaur (Gauntlet)
  2 spark wasps
  2 merfolk javelineers (Shoals:4)
  A fire dragon (D:14)
  Josephine (Orc:1)
  5 merfolk impalers
  A spectral kraken (Shoals:2)
  4 entropy weavers
  2 vault guards
  2 deep elf high priests (Elf:3)
  2 rakshasas (D:15)
  Erolcha (D:9)
  4 catoblepae
  A jorogumo (Spider:4)
  6 hydras
  An alligator snapping turtle (Shoals:4)
  An ironbound frostheart (Vaults:1)
  A radroach (Spider:1)
  Erica (D:9)
  4 merfolk aquamancers
  6 boulder beetles
  4 centaur warriors
  27 dancing weapons
  10 death yaks
  4 satyrs
  A demonic crawler (Spider:1)
  3 two-headed ogres
  An occultist (D:15)
  2 tengu warriors
  3 orc high priests
  20 deep elf knights
  4 skysharks
  Nergalle (Lair:2)
  A fire crab (shapeshifter) (D:14)
  5 skeletal warriors
  5 pharaoh ants
  13 sea snakes
  A sun moth (shapeshifter) (D:14)
  12 deep elf archers
  An arcanist (D:14)
  2 sun moths (Spider:4)
  6 steelbarb worms
  A mana viper (Spider:3)
  8 orb spiders
  A lindwurm (Lair:4)
  An ironbound convoker (Vaults:1)
  A necromancer (D:15)
  Pikel (D:6)
  24 harpies
  8 orc knights
  32 deep elf zephyrmancers
  25 ugly things
  15 wolf spiders
  31 deep elf pyromancers
  Maurice (D:7)
  6 cyclopes
  8 orc sorcerers
  10 manticores
  18 fauns
  2 meliai (Spider:4)
  9 merfolk sirens
  2 moths of wrath
  A vault sentinel (Vaults:1)
  7 elephants
  4 kobold blastminers (Orc:1)
  A guardian serpent (shapeshifter) (D:15)
  4 water nymphs
  Maggie (D:10)
  4 torpor snails
  A centaur skeleton (D:15)
  3 black mambas
  3 spectral sea snakes (Shoals:2)
  17 cane toads
  A gargoyle (D:12)
  3 unseen horrors
  4 rime drakes (Lair:3)
  Jeremiah (D:7)
  A komodo dragon (Lair:5)
  2 efreet (D:15)
  A kobold demonologist (D:10)
  A cane toad (shapeshifter) (D:15)
  A yaktaur (Vaults:1)
  2 tengu conjurers
  3 freezing wraiths
  21 merfolk
  A queen bee (shapeshifter) (D:12)
  4 wind drakes
  A troll (shapeshifter) (Elf:2)
  23 tarantellas
  3 trolls
  3 polar bears
  A wolf spider simulacrum (D:14)
  15 blink frogs
  A harpy skeleton (D:15)
  7 slime creatures
  4 dream sheep (Shoals:4)
  10 snapping turtles
  14 culicivoras
  2 wyverns (Lair:2)
  13 jumping spiders
  3 centaur simulacra
  16 water elementals
  4 air elementals (Elf:2)
  6 wraiths
  3 shadows
  A yak (shapeshifter) (Elf:2)
  6 spriggans
  A spriggan (shapeshifter) (Elf:2)
  41 yaks
  5 fire elementals
  A basilisk (Lair:4)
  39 redbacks
  A warg (D:12)
  11 vampire mosquitoes
  11 steam dragons
  A harpy simulacrum (D:15)
  Menkaure (D:5)
  17 water moccasins
  An acid dragon (D:14)
  5 hell hounds (Elf:2)
  A spectral snapping turtle (Shoals:2)
  28 orc warriors
  A sky beast (D:8)
  3 ice beasts
  A meliai simulacrum (Gauntlet)
  6 laughing skulls
  A black bear (Lair:3)
  11 wolves
  11 ogres
  12 centaurs
  2 phantoms
  A kobold brigand (D:7)
  3 gnoll sergeants
  3 earth elementals
  3 scorpions (D:6)
  11 bullfrogs
  3 wights (D:8)
  11 killer bees
  4 howler monkeys
  A wyvern simulacrum (Gauntlet)
  3 hounds
  35 orc priests
  2 sleepcaps
  A gnoll bouda (D:9)
  4 iguanas
  39 orc wizards
  A hell rat (Lair:2)
  13 gnolls
  10 adders
  3 white imps
  6 ufetubi
  A dart slug (D:3)
  2 ribbon worms
  84 orcs
  7 endoplasms
  4 giant cockroaches
  13 goblins
  8 hobgoblins
  15 kobolds
  3 quokkas
  8 ball pythons
  6 bats
  7 frilled lizards
  3 rats (D:1)
  3 tentacles
1182 creatures vanquished.

Vanquished Creatures (collateral kills)
  Bai Suzhen (Spider:4)
  Jorgrun (D:12)
  Mlioglotl (Spider:2)
  An entropy weaver (Spider:1)
  The ghost of ZZKoverts the Fighter, a journeyman DjFE of Ashenzari (D:12)
  A culicivora (Spider:1)
  A jumping spider (Spider:4)
  4 redbacks (Spider:2)
  2 vampire mosquitoes (D:14)
  A water moccasin (D:6)
  3 orc warriors
  A sky beast (D:6)
  A black bear (D:6)
  A wolf (Lair:3)
  A killer bee (D:8)
  A hound (D:6)
  An orc priest (D:4)
  2 orc wizards (D:6)
  An adder (D:6)
  A gnoll (D:6)
  6 orcs
  An endoplasm (D:4)
  A boulder (Spider:3)
35 creatures vanquished.

Vanquished Creatures (others)
  A broodmother (Spider:4)
  A merfolk impaler (Shoals:2)
  A death yak (Lair:5)
  A dancing weapon (Elf:1)
  An orc knight (D:12)
  A deep elf pyromancer (D:14)
  A steelbarb worm (Spider:2)
  A deep elf zephyrmancer (Elf:2)
  2 manticores
  A moth of wrath (Spider:4)
  A meliai (Spider:4)
  A rime drake (Lair:5)
  A tarantella (Spider:2)
  2 blink frogs (Lair:1)
  A culicivora (Spider:3)
  6 yaks
  3 redbacks
  2 steam dragons
  An ice beast (D:6)
  2 wolves (Lair:3)
  2 killer bees
  An electric eel (Lair:2)
  3 orc wizards
  An orc (Orc:2)
  3 ball lightnings (Shoals:2)
  14 spectral weapons
  14 tentacles
69 creatures vanquished.

Grand Total: 1286 creatures vanquished

Notes
Turn   | Place    | Note
-------+----------+-------------------------------------------
     0 | D:1      | Armakuni the Human Artificer began the quest for the Orb.
     0 | D:1      | Reached XP level 1. HP: 15/15 MP: 1/1
   130 | D:1      | Reached XP level 2. HP: 21/21 MP: 2/2
   456 | D:4      | Reached XP level 3. HP: 20/26 MP: 3/3
   591 | D:4      | Reached XP level 4. HP: 15/33 MP: 4/4
   722 | D:4      | Reached XP level 5. HP: 16/39 MP: 5/5
  1042 | D:5      | Entered Level 5 of the Dungeon
  1711 | D:4      | Reached skill level 1 in Earth Magic
  1855 | D:4      | HP: 2/41 [ufetubus (3)]
  1858 | D:4      | Reached XP level 6. HP: 3/47 MP: 6/6
  2069 | D:5      | Identified the +5 sling of Latufel {speed, rPois}
  2145 | D:5      | Noticed an ice beast
  2168 | D:5      | Killed an ice beast
  2329 | D:5      | Reached skill level 5 in Evocations
  2386 | D:5      | Noticed Menkaure
  2397 | D:5      | Reached XP level 7. HP: 49/52 MP: 7/7
  2412 | D:5      | Killed Menkaure
  2581 | D:5      | Reached skill level 5 in Earth Magic
  2605 | D:5      | Identified the +3 leather armour of the Foremost Yaks
                  | {Int+2}
  2934 | D:6      | Reached XP level 8. HP: 58/58 MP: 8/8
  3326 | D:6      | Found a staircase to the Ecumenical Temple.
  3408 | Temple   | Entered the Ecumenical Temple
  3426 | Temple   | Became a worshipper of Elyvilon the Healer
  3635 | D:6      | Reached XP level 9. HP: 63/63 MP: 9/9
  3851 | D:7      | Noticed Jeremiah
  3872 | D:8      | Reached * piety under Elyvilon
  4026 | D:8      | Found a sacrificial altar of Ru.
  4054 | D:7      | Reached skill level 1 in Invocations
  4293 | D:7      | HP: 2/63 [orc priest/divine providence (14)]
  4490 | D:7      | Noticed Pikel
  4504 | D:6      | Killed Pikel
  4608 | D:7      | Noticed Maurice
  4614 | D:7      | Reached skill level 5 in Invocations
  4629 | D:7      | Killed Maurice
  4897 | D:7      | Reached XP level 10. HP: 69/70 MP: 14/14
  4929 | D:7      | Killed Jeremiah
  4930 | D:7      | Reached skill level 10 in Evocations
  5107 | D:8      | Noticed a death yak
  5123 | D:8      | Killed a death yak
  5135 | D:8      | Noticed a death yak
  5136 | D:8      | Noticed a death yak
  5473 | D:7      | Killed a death yak
  5968 | D:8      | Found an ornate altar of the Wu Jian Council.
  6212 | D:8      | Reached XP level 11. HP: 28/75 MP: 16/18
  6401 | D:8      | Found a sparkling altar of Nemelex Xobeh.
  6447 | D:8      | Found a staircase to the Lair.
  6467 | D:8      | Reached ** piety under Elyvilon
  6476 | D:8      | Learned a level 2 spell: Searing Ray
  6793 | D:9      | Found a flagged portal.
  6793 | D:9      | Noticed Gastronok
  6808 | D:10     | Entered Level 10 of the Dungeon
  6988 | D:10     | Reached skill level 10 in Invocations
  7050 | D:9      | Noticed Erica
  7058 | Bailey   | Entered a bailey
  7351 | Bailey   | Reached skill level 10 in Earth Magic
  7413 | Bailey   | Identified the +1 shadow dragon scales "Oquebaav" {Rampage
                  | rN+ Str-3 Stlth++++}
  7530 | D:9      | Killed Erica
  7793 | Lair:1   | Entered Level 1 of the Lair of Beasts
  8009 | Lair:1   | Noticed a death yak
  8009 | Lair:1   | Noticed a death yak
  8023 | Lair:1   | Pacified a death yak
  8024 | Lair:1   | Reached skill level 5 in Staves
  8248 | Lair:1   | Reached skill level 5 in Armour
  8435 | Lair:1   | Pacified a death yak
  8497 | Lair:1   | Found an ancient bone altar of Kikubaaqudgha.
  8809 | Lair:1   | Reached XP level 12. HP: 44/81 MP: 16/20
  8846 | Lair:2   | Noticed Nergalle
  8930 | Lair:2   | Noticed a seven-headed hydra
  8960 | Lair:2   | Killed a seven-headed hydra
  9109 | Lair:2   | Noticed a six-headed hydra
  9175 | Lair:2   | Pacified a six-headed hydra
  9300 | D:9      | Noticed Erolcha
  9318 | D:9      | Killed Erolcha
  9363 | D:9      | Found a radiant altar of Vehumet.
  9583 | D:6      | Reached skill level 1 in Shields
  9876 | D:9      | Found a runed translucent door.
  9881 | D:9      | Found a burning altar of Makhleb.
 10267 | D:9      | Killed Gastronok
 10445 | D:10     | Reached *** piety under Elyvilon
 10460 | D:10     | Noticed Maggie
 10479 | D:10     | Killed Maggie
 10580 | D:10     | Found Plog's Island Escapes.
 10687 | D:10     | Found an iron altar of Okawaru.
 11116 | D:11     | Identified a scroll of acquirement
 11122 | D:11     | Identified the +1 leather armour "Xaatatz" {rPois}
 11129 | D:11     | Acquired 739 gold pieces
 11399 | D:11     | Noticed a two-headed ogre
 11407 | D:11     | Pacified a two-headed ogre
 11653 | Lair:2   | Killed Nergalle
 11689 | Lair:2   | Found a hole to the Spider Nest.
 11758 | Lair:2   | Noticed a boulder beetle
 11760 | Lair:2   | Pacified a boulder beetle
 11864 | Lair:2   | Reached XP level 13. HP: 86/86 MP: 21/21
 12315 | Lair:3   | Found a staircase to the Shoals.
 12315 | Lair:3   | Reached **** piety under Elyvilon
 12665 | Lair:3   | Found a gate leading to a gauntlet.
 12670 | Gauntlet | Entered a Gauntlet
 12670 | Gauntlet | Found a runed translucent gate.
 12670 | Gauntlet | Found a transporter.
 12670 | Gauntlet | Found a runed translucent gate.
 12670 | Gauntlet | Found a runed translucent gate.
 12670 | Gauntlet | Found a transporter.
 12680 | Gauntlet | Found a transporter.
 12684 | Gauntlet | Found a transporter.
 12692 | Gauntlet | Found a transporter.
 12696 | Gauntlet | Found a transporter.
 12705 | Gauntlet | Found a transporter.
 12720 | Gauntlet | Found a transporter.
 12734 | Gauntlet | Found a transporter.
 12738 | Gauntlet | Found a transporter.
 12746 | Gauntlet | Found a transporter.
 12750 | Gauntlet | Found a transporter.
 12878 | Gauntlet | Identified the ring of Uwesy {*Slow rPois rN+ Str+6}
 12920 | Gauntlet | Identified the ring "Poum" {rCorr MP+9 Dex+2}
 12952 | Gauntlet | Identified the staff of Hoereodgh {Fly rElec rPois rF+
                  | Alchemy}
 12952 | Gauntlet | Noticed a minotaur
 12956 | Gauntlet | Killed a minotaur
 12975 | Gauntlet | Identified the ring "Puholaun" {rPois rC- Will+++ Str+2
                  | Int+6}
 12975 | Gauntlet | Identified the +8 morningstar "Ewiamyi" {spect, rF+ Str+3}
 12975 | Gauntlet | Identified the ring of Ashenzari's Scorn {rN+ Int+6}
 13107 | Lair:3   | Reached skill level 1 in Maces & Flails
 13305 | Lair:3   | Reached skill level 2 in Maces & Flails
 13440 | Lair:3   | Found a sacrificial altar of Ru.
 13498 | Lair:3   | Reached skill level 3 in Maces & Flails
 13750 | Lair:3   | Found the +7 hand cannon "Mule" {flame, backblast, rF+}
 13999 | Lair:4   | Reached skill level 4 in Maces & Flails
 14075 | Lair:4   | Reached ***** piety under Elyvilon
 14402 | Lair:4   | Reached skill level 5 in Dodging
 14403 | Lair:4   | Reached skill level 5 in Maces & Flails
 14466 | Lair:4   | Reached skill level 6 in Maces & Flails
 14715 | Lair:5   | Entered Level 5 of the Lair of Beasts
 14741 | Lair:5   | Reached XP level 14. HP: 93/93 MP: 22/22
 14809 | Lair:5   | Reached skill level 7 in Maces & Flails
 15030 | Lair:5   | Reached skill level 8 in Maces & Flails
 15089 | Lair:5   | Reached skill level 9 in Maces & Flails
 15520 | Lair:4   | Reached skill level 10 in Maces & Flails
 15964 | Lair:5   | Found a staircase to the Slime Pits.
 16440 | D:3      | Found a faded altar of an unknown god.
 16553 | D:3      | Found a snail-covered altar of Cheibriados.
 16596 | D:3      | Identified the +1 ring mail of the Shining One's Hope
                  | {Str+4 Dex-3}
 16624 | D:3      | Found a shimmering altar of Xom.
 16950 | D:2      | Found a broken altar of Ashenzari.
 17086 | D:2      | Found Bechejaug's Antique Weapon Shop.
 18534 | D:10     | Reached skill level 11 in Maces & Flails
 18846 | D:12     | Found a staircase to the Orcish Mines.
 18862 | Orc:1    | Entered Level 1 of the Orcish Mines
 18978 | Orc:1    | Reached skill level 5 in Fighting
 19225 | Orc:2    | Entered Level 2 of the Orcish Mines
 19349 | Orc:2    | Reached XP level 15. HP: 108/108 MP: 23/23
 19766 | Orc:2    | Found a staircase to the Elven Halls.
 19872 | Orc:2    | Found Ovvi's General Store.
 19873 | Orc:2    | Found Hoebuluw's General Store.
 19874 | Orc:2    | Found Enuw's Assorted Antiques.
 19878 | Orc:2    | Found Niegg's Assorted Antiques.
 19882 | Orc:2    | Bought a scroll of teleportation for 84 gold pieces
 20126 | Orc:1    | Noticed Josephine
 20133 | Orc:1    | Killed Josephine
 20223 | Orc:2    | Bought a potion of enlightenment for 135 gold pieces
 20223 | Orc:2    | Bought a glowing fluorescent wand for 108 gold pieces
 20223 | Orc:2    | Bought a blackened silver wand for 108 gold pieces
 20226 | Orc:2    | Bought a wand of iceblast (5) for 336 gold pieces
 20229 | Orc:2    | Bought a book of the Spheres for 1152 gold pieces
 20234 | Orc:2    | Learned a level 4 spell: Brom's Barrelling Boulder
 20371 | D:10     | Bought a scroll of blinking for 120 gold pieces
 20371 | D:10     | Bought a scroll of blinking for 120 gold pieces
 20371 | D:10     | Bought a scroll of blinking for 120 gold pieces
 20371 | D:10     | Bought a scroll of teleportation for 48 gold pieces
 20371 | D:10     | Bought 2 potions of haste for 320 gold pieces
 20371 | D:10     | Bought a potion of enlightenment for 80 gold pieces
 20434 | D:12     | Found a runed translucent gate.
 20434 | D:12     | Noticed ZZKoverts's ghost (journeyman DjFE)
 20435 | D:12     | Found a runed translucent gate.
 20436 | D:12     | Found a runed translucent gate.
 20513 | D:12     | Found a glowing silver altar of Zin.
 20514 | D:12     | Noticed Jorgrun
 20525 | D:12     | Killed Jorgrun
 20526 | D:12     | Reached skill level 12 in Maces & Flails
 20755 | D:12     | Found a runed translucent door.
 20756 | D:12     | Found a runed translucent door.
 20900 | D:12     | Identified the ring of Tiobb {^Drain Fly rPois Str+4}
 20954 | D:12     | Killed ZZKoverts's ghost
 21037 | D:12     | Identified the ring of Erpheac {Wiz ^Drain *Slow rElec
                  | rN+++}
 21249 | D:12     | Reached skill level 13 in Maces & Flails
 21463 | D:12     | Identified the amulet of Ylaafef {RegenMP MP+9}
 21540 | D:12     | Identified the ring "Caetsoho" {Int+4 SInv}
 21826 | D:13     | Learned a level 4 spell: Petrify
 21831 | D:13     | Learned a level 4 spell: Leda's Liquefaction
 21847 | D:13     | Found a shimmering blue altar of Sif Muna.
 21954 | D:13     | Reached skill level 14 in Maces & Flails
 22511 | D:14     | Found Qiforen's Magic Scroll Shop.
 22526 | D:14     | Bought a scroll of fog for 40 gold pieces
 22526 | D:14     | Bought a scroll of fog for 40 gold pieces
 22557 | D:14     | Identified the +0 leather armour of the Tick {rN+}
 22655 | D:14     | Found a hazy altar of Hepliaklqana.
 23052 | D:14     | Reached XP level 16. HP: 97/117 MP: 24/24
 23153 | D:14     | Found a gate to the Vaults.
 23222 | D:15     | Entered Level 15 of the Dungeon
 23489 | D:15     | Found Him Nez's Distillery.
 23499 | D:15     | Bought a potion of heal wounds for 50 gold pieces
 23499 | D:15     | Bought a potion of mutation for 80 gold pieces
 24485 | D:15     | Reached skill level 10 in Armour
 24545 | D:15     | Found a staircase to the Depths.
 24847 | Spider:1 | Entered Level 1 of the Spider Nest
 24879 | Spider:1 | Reached skill level 1 in Spellcasting
 24879 | Spider:1 | Reached skill level 1 in Conjurations
 24879 | Spider:1 | Reached skill level 1 in Alchemy
 25128 | Spider:1 | Learned a level 3 spell: Mephitic Cloud
 25364 | Spider:1 | Reached skill level 1 in Air Magic
 25617 | Spider:1 | You fall into a shaft and drop 1 floor!
 26433 | Spider:2 | Noticed Mlioglotl
 26442 | Spider:2 | Killed Mlioglotl
 26781 | Spider:3 | Reached skill level 5 in Conjurations
 26845 | Spider:3 | Reached skill level 5 in Alchemy
 26845 | Spider:3 | Reached XP level 17. HP: 83/122 MP: 25/25
 26963 | Spider:3 | Identified the amulet of Intercession {^Contam Rampage Fly
                  | Regen+ rCorr}
 27138 | Spider:4 | Entered Level 4 of the Spider Nest
 27227 | Spider:4 | Noticed Bai Suzhen
 27370 | Spider:4 | Killed Bai Suzhen
 27387 | Spider:4 | Noticed Nikola
 27396 | Spider:4 | Killed Nikola
 27864 | Spider:4 | Noticed Arachne
 28013 | Spider:4 | Killed Arachne
 28116 | Spider:4 | Reached skill level 15 in Invocations
 28336 | Spider:4 | Reached skill level 5 in Shields
 28442 | Spider:4 | Got a gossamer rune of Zot
 28447 | Spider:4 | Identified the scarf of Tartarus {repulsion, rElec Str-5
                  | Dex+2 Slay+2}
 28788 | Shoals:1 | Entered Level 1 of the Shoals
 28935 | Shoals:1 | Acquired 921 gold pieces
 29140 | Shoals:1 | Reached XP level 18. HP: 134/134 MP: 29/29
 29263 | Shoals:1 | Reached skill level 10 in Fighting
 29901 | Shoals:2 | Found Lemett's Gadget Gallery.
 29918 | Shoals:2 | Bought a wand of iceblast (4) for 115 gold pieces
 29918 | Shoals:2 | Bought a phantom mirror for 480 gold pieces
 29989 | Shoals:2 | Found Estoalod's Book Boutique.
 30136 | Shoals:2 | Found a transporter.
 30136 | Shoals:2 | Found a transporter.
 30138 | Shoals:2 | Noticed casual's ghost (adept DjAE)
 30358 | Shoals:2 | Identified the +12 bardiche of Accord {drain, rPois Dex-2
                  | Stlth+}
 30427 | Shoals:2 | Identified the ring "Jusepti" {Fire Int+3 Stlth+}
 30429 | Shoals:2 | Identified the ring "Beram" {Wiz rPois Stlth+}
 30546 | Shoals:3 | Noticed Polyphemus
 30584 | Shoals:3 | Killed Polyphemus
 30742 | Shoals:3 | Acquired the ring "Daesauvo" {rC+ Int+4 SInv}
 31672 | Shoals:4 | Entered Level 4 of the Shoals
 31726 | Shoals:4 | Identified the +0 robe of New Discoveries {Rampage rC+}
 32384 | Shoals:4 | Reached skill level 15 in Fighting
 32434 | Shoals:4 | Identified the +2 robe "Wacuggamane" {rC++ Str+3 Int-4
                  | Archmagi}
 32446 | Shoals:4 | Reached XP level 19. HP: 73/155 MP: 24/30
 32614 | Shoals:4 | Got a barnacled rune of Zot
 33097 | Elf:1    | Entered Level 1 of the Elven Halls
 33120 | Elf:1    | Reached skill level 15 in Maces & Flails
 33284 | Lair:1   | Gained mutation: You sometimes lose your temper in combat.
                  | [mutagenic glow]
 34010 | Elf:1    | Identified the +7 hand axe "Wuyvowk" {speed, rPois Dex-5
                  | SInv Stlth+}
 34075 | Elf:1    | Reached skill level 16 in Maces & Flails
 34945 | Elf:2    | Paralysed by an air elemental for 1 turns
 35214 | Elf:2    | Paralysed by an air elemental for 1 turns
 35267 | Elf:2    | Noticed Azrael
 35281 | Elf:2    | Killed Azrael
 35312 | Elf:2    | Found a huge runed translucent gate.
 35312 | Elf:2    | Found a huge runed translucent gate.
 35312 | Elf:2    | Found a huge runed translucent gate.
 35314 | Elf:2    | Found a huge runed translucent gate.
 35315 | Elf:2    | Found a huge runed translucent gate.
 35349 | Elf:2    | Paralysed by an air elemental for 1 turns
 35492 | Elf:2    | Reached skill level 17 in Maces & Flails
 35812 | Elf:2    | Found Jexic's Antique Armour Emporium.
 35822 | Elf:2    | Bought a glowing scarf for 256 gold pieces
 37059 | Elf:2    | Reached skill level 18 in Maces & Flails
 37270 | Elf:3    | Entered Level 3 of the Elven Halls
 37560 | Elf:3    | Reached XP level 20. HP: 162/162 MP: 31/31
 37961 | Elf:3    | Identified the serpent talisman "Gakhlum" {Will+ Str+2}
 38687 | Elf:3    | Identified the +5 morningstar of Skirmishing {freeze, rF++}
 38687 | Elf:3    | Identified the +1 leather armour of Sloth {Will+ Int+5
                  | Dex+3 SInv}
 38687 | Elf:3    | Identified the amulet of the Country {+Blink Fly rN+
                  | Regen+}
 38845 | Elf:3    | Reached skill level 19 in Maces & Flails
 39209 | Elf:3    | Identified the staff "Epteic" {Will++ Conj}
 39210 | Elf:3    | Identified the staff of Patience {*Corrode rN+ Dex+2 Earth}
 39598 | Vaults:1 | Entered Level 1 of the Vaults
 39767 | Vaults:1 | Reached skill level 20 in Maces & Flails
 39779 | Vaults:1 | Upgraded the game from 0.32-a0-12-g7fc57aa741 to
                  | 0.32-a0-19-g28bc0835a1
 39789 | Vaults:1 | Identified the +2 leather armour "Itwe" {Harm rCorr Stlth-}
 39796 | Vaults:1 | HP: 6/162 [deep troll[an ironbound preserver] (5)]
 39796 | Vaults:1 | HP: 1/162 [ironbound frostheart (5)]
 39798 | Vaults:1 | Elyvilon protects you from harm!
 39798 | Vaults:1 | Annihilated by a phantasmal warrior

Illustrated notes

Levels and vault maps discovered:
D:1:      dpeg_arrival_erosion, layout_basic
D:2:      layout_loops_ring, basic_altar, serial_shops, shop, minmay_puff
D:3:      layout_loops_ring, mainiacjoe_overflow_chevrons, xom_teletrap_fun,
          dreamdust_ecumenical_altar_hidden_monk_grotto, kennysheep_doodads,
          minmay_door_square
D:4:      layout_cave_pools
D:5:      layout_basic, uniq_menkaure
D:6:      minmay_bubble_buster, layout_basic, minmay_temple_entry_overgrown
D:7:      layout_basic, uniq_maurice, uniq_jeremiah, uniq_pikel
D:8:      layout_basic, mainiacjoe_overflow_surrounded_room,
          nemelex_altar_shiori, mainiacjoe_overflow_brackets,
          dpeg_lair_monsters, serial_corexii_hall,
          chequers_hall_statues_corner_a, chequers_hall_statues_wall_a
D:9:      layout_irregular_city, mainiacjoe_overflow_alcove_2,
          nzn_makhleb_speed_demon, enter_bailey_2,
          hangedman_abyss_or_decor_passed, uniq_erolcha, uniq_erica,
          uniq_gastronok
D:10:     layout_irregular_city, mainiacjoe_overflow_paths, minivault_4,
          nicolae_island_escapes, uniq_maggie
D:11:     layout_roguey, kennysheep_generic_room_15
D:12:     minmay_the_grid_triangle_9x9_recursive_3
          [minmay_the_grid_triangle_9x9_stretched_checkered,
          minmay_the_grid_triangle_9x9_warning,
          minmay_the_grid_triangle_9x9_thin_v,
          minmay_the_grid_triangle_9x9_prize_special,
          minmay_the_grid_triangle_9x9_windchime,
          minmay_the_grid_triangle_9x9_tough_junction,
          minmay_the_grid_triangle_9x9_corrupted_corridor,
          minmay_the_grid_triangle_9x9_negative_grid,
          minmay_the_grid_triangle_9x9_sprig], layout_rooms,
          biasface_ghost_orc_armoury, zin_scriptorium, uniq_jorgrun
D:13:     layout_long_grid, nicolae_sif_muna_condensation
D:14:     layout_roguey, david_vaults_5, serial_shops, shop,
          nzn_hepliaklqana_mist_gate, minmay_bent
D:15:     grunt_enter_depths_magical_seal, layout_loops_corners, serial_shops,
          nicolae_shop_tiny_real_fake_doors, hangedman_abyss_or_decor_stagger
Temple:   jpeg_temple_clearing
Lair:1:   layout_roguey, basic_altar
Lair:2:   layout_small_grid, spider_nest_entry_web_field, serial_bayou,
          serial_bayou_pond_a, serial_bayou_pond_b, serial_bayou_lagoon_a,
          serial_bayou_crossing, uniq_nergalle
Lair:3:   layout_cellular_growth, minmay_shoals_entry_beasts, basic_altar,
          gauntlet_entry_generic, bobbens_dragon_lair_wall, lemuel_fruit_tree
Lair:4:   layout_gridlike
Lair:5:   evilmike_catoblepas_cave, layout_loops_ring, slime_entry_2,
          wad_woods_01, serial_bayou_shore_b
Shoals:1: layout_shoals
Shoals:2: layout_shoals, ebering_ghost_davey_jones, nicolae_stop_n_shop_1,
          nicolae_shop_gadgets
Shoals:3: layout_shoals, uniq_polyphemus
Shoals:4: shoals_end_grunt_garden, layout_shoals, nicolae_shoals_kraken_party
Spider:1: layout_spider_delve
Spider:2: layout_spider_delve, uniq_mlioglotl
Spider:3: layout_spider_delve
Spider:4: hellmonk_spider_rune_endless_swarm, uniq_nikola, uniq_bai_suzhen,
          uniq_arachne
Orc:1:    layout_caves, uniq_josephine
Orc:2:    st_orc_mages, layout_caves, einodemon_armed_red_devil_minivault
Elf:1:    eino_elf_arrival_sip, layout_geoelf_octagon, serial_sigils,
          serial_sigils_hangedman_stare, serial_sigils_hangedman_gut,
          serial_sigils_hangedman_gnaw, serial_sigils_hangedman_gut,
          serial_sigils_hangedman_snap, serial_sigils_hangedman_carve
Elf:2:    elven_hall_of_blades_hangedman_alternative
          [nicolae_blade_entry_sentries_behind_glass], layout_geoelf_grid,
          serial_shops, nicolae_shop_peninsula, serial_co_window_serial,
          co_window_cross_1, co_window_paths_a, co_window_corner_a,
          co_window_paths_b, co_window_paths_a, co_window_2corner,
          co_window_paths_c, co_window_2corner, glass_columns_c,
          glass_columns_a, glass_columns_a, uniq_azrael
Elf:3:    elf_hall, layout_geoelf_octagon, drop_trap, feat_on_display
Vaults:1: nicolae_vaults_little_squares_2, vaults_standard_mumra_lines,
          v_pattern_4, ontoclasm_vaults_gateway,
          nicolae_vaults_layer_cake_slice, nicolae_vaults_hallways_thing,
          hangedman_vaults_stretched_pinwheel, lightli_church_of_beogh,
          nicolae_vaults_alarming, v_alt_pattern_3,
          ontoclasm_vaults_loading_screen, nicolae_vaults_closet_pinwheel_1,
          ontoclasm_vaults_ring_small, hangedman_vaults_stitches,
          nicolae_vaults_two_Ls, layout_vaults_omnibox, enter_trove_0

Skill      XL: |  1  2  3  4  5  6  7  8  9 10 11 12 13 14 15 16 17 18 19 20 |
---------------+-------------------------------------------------------------+-----
Fighting       | 2 3 7 8 9 15 | 15.0
Staves         | 2 3 6 8 9 |  9.7
Evocations     | 4 5 7 9 10 | 10.0
Earth Magic    | 1 3 6 7 9 10 12 13 | 13.0
Invocations    | 6 9 10 11 15 | 15.0
Armour         | 5 6 10 | 10.0
Shields        | 4 6 |  6.0
Maces & Flails | 6 11 14 18 20 | 20.1
Dodging        | 5 7 |  7.0
Spellcasting   | 3 |  3.0
Conjurations   | 5 |  5.0
Alchemy        | 5 |  5.0
Air Magic      | 2 |  2.0
Stealth        | |  1.0

Action                     |  1- 3 |  4- 6 |  7- 9 | 10-12 | 13-15 | 16-18 | 19-21 || total
---------------------------+-------+-------+-------+-------+-------+-------+-------++-------
  Melee: Club              |    85 |       |       |       |       |       |       ||    85
         Staff             |    29 |   102 |       |   749 |   155 |       |       ||  1035
         Punch             |     1 |       |       |     5 |       |       |       ||     6
         Morningstar       |       |       |       |       |   900 |  1176 |   504 ||  2580
   Fire: Sling             |       |    31 |   244 |    71 |       |       |       ||   346
         Hand cannon       |       |       |       |       |    11 |       |       ||    11
  Throw: Dart              |       |       |    14 |     9 |     3 |       |       ||    26
   Cast: Brom's Barrelling |       |       |       |       |       |     1 |       ||     1
         Petrify           |       |       |       |       |       |    48 |     1 ||    49
         Mephitic Cloud    |       |       |       |       |       |    39 |    30 ||    69
 Invoke: Purification      |       |       |       |     7 |    10 |    15 |     4 ||    36
         Heal Other        |       |       |       |    19 |    17 |    19 |     1 ||    56
         Heal Self         |       |       |       |       |    16 |    25 |    14 ||    55
  Evoke: Wand              |     3 |    18 |    17 |    14 |     9 |    26 |    19 ||   106
         Lightning rod     |       |       |       |       |    14 |     4 |     8 ||    26
         Sack of spiders   |       |       |       |       |     2 |     2 |       ||     4
         Tin of tremorston |       |       |       |       |       |       |     3 ||     3
    Use: Scroll            |     5 |     2 |     5 |     8 |    11 |    16 |     8 ||    55
         Potion            |       |     1 |     3 |    10 |     3 |     8 |     4 ||    29
   Stab: Sleeping          |     1 |       |       |       |       |     1 |       ||     2
         Distracted        |       |       |       |       |    10 |    15 |     3 ||    28
         Petrified         |       |       |       |       |       |    49 |       ||    49
         Confused          |       |       |       |       |       |    21 |    23 ||    44
         Petrifying        |       |       |       |       |       |    14 |       ||    14
         Invisible         |       |       |       |       |       |     3 |     6 ||     9
 Armour: Leather armour    |    81 |   110 |    67 |   177 |       |       |       ||   435
         Scale mail        |       |       |       |   373 |   794 |  1124 |   321 ||  2612
         Skin              |       |       |       |    46 |       |       |       ||    46
  Dodge: Dodged            |    97 |   115 |    97 |   564 |   637 |   541 |   159 ||  2210
         Repelled          |       |       |       |       |       |       |    12 ||    12
  Block: Buckler           |       |       |       |    53 |   246 |   253 |    68 ||   620

Table legend: (Time is in decaauts)
 A = Elapsed time spent in this place.
 B = Non-inter-level travel time spent in this place.
 C = Inter-level travel time spent in this place.
 D = Time resting spent in this place.
 E = Time spent auto-exploring this place.
 F = Levels seen in this place.
 G = Mean time per level.
                   A        B        C        D        E       F      G
               +--------+--------+--------+--------+--------+-----+--------+
         Total |  39493 |  36254 |   3239 |   7166 |  18476 |  37 | 1067.4 |
       Dungeon |  17296 |  15290 |   2006 |   2893 |   7622 |  15 | 1153.1 |
        Temple |     36 |     19 |     17 |      0 |      0 |   1 |   36.0 |
          Lair |   5829 |   5372 |    457 |    505 |   3362 |   5 | 1165.8 |
        Shoals |   4008 |   3846 |    162 |    431 |   2300 |   4 | 1002.0 |
   Spider Nest |   3856 |   3751 |    105 |   1175 |   1405 |   4 |  964.0 |
  Orcish Mines |   1469 |   1228 |    241 |    137 |    669 |   2 |  734.5 |
   Elven Halls |   5972 |   5724 |    248 |   1971 |   2732 |   3 | 1990.7 |
        Vaults |    178 |    178 |      0 |     17 |     92 |   1 |  178.0 |
        Bailey |    429 |    429 |      0 |     23 |     87 |   1 |  429.0 |
      Gauntlet |    416 |    416 |      0 |     13 |    206 |   1 |  416.0 |
               +--------+--------+--------+--------+--------+-----+--------+

Top non-repeatable levels by time:
   Elf:2: 2844 daAuts
     D:8: 2145 daAuts
   Elf:3: 1716 daAuts
    D:12: 1647 daAuts
  Lair:5: 1444 daAuts
    D:15: 1416 daAuts
   Elf:1: 1411 daAuts
     D:6: 1348 daAuts
    D:10: 1313 daAuts
     D:4: 1284 daAuts
  Lair:2: 1241 daAuts
  Lair:1: 1241 daAuts
     D:7: 1211 daAuts
Spider:4: 1205 daAuts
Shoals:3: 1152 daAuts
